AoeStats
← Ashen One

Arabian Desert

516406331Analyzed
1v1 RM · 10d ago on Oct 26, 2026· 31m 19s· 2 players
Game mode
Random Map
Map size
Tiny (2 player)
Population
200
Speed
Normal
Resources
Standard
Victory
Conquest
Starting age
Dark Age
Ending age
Imperial Age
RankedLock teamsTeams togetherTeam positionsShared explorationLock speedFull tech treeHidden civsTurbo modeCheats
Victory
Defeat
🇷🇺 Danes · Russia
1218
+17
vs
🇺🇸 Wu · United States
1232
-17
Ashen One
6:20 Loom
9:20 Feudal Age
17:59 Fletching
25:47 Castle Age
24:46 Scale Barding Armor
mbrdgrs6
7:45 Loom
10:12 Feudal Age
10:53 Double-Bit Axe
10:37 Man-at-Arms
17:05 Horse Collar
18:19 Arson
22:30 Castle Age
22:34 Long Swordsman
28:55 Squires
Connection lost

Rejoining the realm…

Still unreachable

The connection could not be restored.

Session expired

The server has moved on; the page needs a fresh start.